 Dungeon Sprint DCSS version bcrawl-1.23 (webtiles) character file.

Game seed: 1444271464360922469

114 Freyura the Cudgeler (level 4, 38/38 HPs)
             Began as a Demonspawn Fighter on May 24, 2020.
             Was an Initiate of Makhleb.
             Got out of the dungeon alive.
             The game lasted 00:02:40 (255 turns).

Freyura the Cudgeler (Demonspawn Fighter)            Turns: 255, Time: 00:02:41

Health: 38/38      AC:  9    Str: 16    XL:     4   Next: 67%
Magic:  4/4        EV:  7    Int:  9    God:    Makhleb [......]
Gold:   0          SH:  9    Dex: 14    Spells: 3/3 levels left

rFire    . . .     SeeInvis .   a - +0 flail
rCold    . . .     Gourm    .   c - +0 medium shield
rNeg     . . .     Faith    .   b - +0 scale mail
rPois    .         Spirit   .   (no helmet)
rElec    .         Reflect  .   (no cloak)
rCorr    .         Harm     .   (no gloves)
MR       .....     NoTele   +   (no boots)
Stlth    ..........             (no amulet)
HPRegen  0.12/turn              (no ring)
MPRegen  0.09/turn              (no ring)

@: no status effects
A: iridescent scales 1, rot immunity
a: Renounce Religion


You escaped.
You worshipped Makhleb.
Makhleb was noncommittal.
You were not hungry.

You visited 1 branch

Inventory:

Hand Weapons
 a - a +0 flail (weapon)
 n - the +2 rapier "Gopimaf" {pierce, rElec}
   (You found it in the Dungeon)

   It inflicts extra damage upon your enemies.
   It insulates you from electricity.
Armour
 b - a +0 scale mail (worn)
 c - a +0 medium shield (worn)
Wands
 m - a wand of acid (10)
Scrolls
 j - 3 scrolls of remove curse
 k - 2 scrolls of blinking
 l - 2 scrolls of amnesia
Potions
 d - a potion of invisibility
 f - 5 potions of curing
 g - 3 potions of heal wounds
 h - a potion of haste
 i - 4 potions of magic
Comestibles
 e - a ration {!d}


   Skills:
 + Level 4.8 Fighting
 * Level 5.2 Maces & Flails
 + Level 4.4 Armour
 + Level 3.1 Dodging
 + Level 4.3 Shields


You had 3 spell levels left.
You didn't know any spells.
Your spell library was empty.

Dungeon Overview and Level Annotations

Branches:
Dungeon (1/1)

Altars:
Cheibriados
Dithmenos
Elyvilon
Fedhas
Gozag
Hepliaklqana
Kikubaaqudgha
Lugonu
Makhleb
Nemelex Xobeh
Okawaru
Qazlal
Ru
Sif Muna
Trog
Uskayaw
Vehumet
Wu Jian
Xom
Yredelemnul
Zin
The Shining One
Beogh
Jiyva


Innate Abilities, Weirdness & Mutations

You are partially covered in iridescent scales. (AC +2)
You are immune to rotting.


Message History

There is an ancient bone altar of Kikubaaqudgha here.
There is a viscous altar of Jiyva here.
There is a hazy altar of Hepliaklqana here.
There is an opulent altar of Gozag here.
There is a blossoming altar of Fedhas here.
There is a white marble altar of Elyvilon here.
There is a shadowy altar of Dithmenos here.
There is a snail-covered altar of Cheibriados here.
There is a roughly hewn altar of Beogh here.
There is an open door to the Temple here.
You see here a quokka corpse.
There is an open door here.
Things that are here:
a leopard gecko skeleton; a goblin skeleton
There is an open door to the Dungeon, spattered with blood here.
You see here a +0 dagger.
There is a staircase leading out of the dungeon here.
You can't go down here!
Are you sure you want to leave the Dungeon?
This will make you lose the game!
You have escaped! ▓▓▓▓▓▓▓▓▓▓▓▓▓▓▓▓▓▓ '....†'....÷)...@▓ ▓▓▓▓▓▓▓▓▓▓▓▓▓▓▓▓▓▓

There were no monsters in sight!

Vanquished Creatures
  A howler monkey (D)
  A crimson imp (D)
  A jelly (D)
  A leopard gecko (D)
  A goblin (D)
  A jackal (D)
  2 kobolds (D)
  A quokka (D)
  A bat (D)
10 creatures vanquished.

Notes
Turn   | Place    | Note
-------+----------+-------------------------------------------
     0 | D        | Freyura the Demonspawn Fighter began the quest for the Orb.
     0 | D        | Reached XP level 1. HP: 18/18 MP: 1/1
     4 | D        | Reached skill level 2 in Maces & Flails
    18 | D        | Reached skill level 1 in Dodging
   101 | D        | Noticed a crimson imp
   101 | D        | Noticed a howler monkey
   101 | D        | Noticed a jelly
   104 | D        | Gained mutation: You are partially covered in iridescent
                  | scales. (AC +2) [demonic ancestry]
   104 | D        | Reached XP level 2. HP: 24/24 MP: 2/2
   106 | D        | Reached skill level 3 in Maces & Flails
   106 | D        | Gained mutation: You are immune to rotting. [demonic
                  | ancestry]
   106 | D        | Reached XP level 3. HP: 26/30 MP: 3/3
   111 | D        | Reached skill level 4 in Maces & Flails
   111 | D        | Reached XP level 4. HP: 31/38 MP: 4/4
   112 | D        | Reached skill level 5 in Maces & Flails
   120 | D        | Found a roughly hewn altar of Beogh.
   120 | D        | Found a snail-covered altar of Cheibriados.
   120 | D        | Found a shadowy altar of Dithmenos.
   120 | D        | Found a white marble altar of Elyvilon.
   120 | D        | Found a blossoming altar of Fedhas.
   120 | D        | Found an opulent altar of Gozag.
   121 | D        | Found a hazy altar of Hepliaklqana.
   122 | D        | Found a viscous altar of Jiyva.
   123 | D        | Found an ancient bone altar of Kikubaaqudgha.
   124 | D        | Found a corrupted altar of Lugonu.
   125 | D        | Found a burning altar of Makhleb.
   126 | D        | Found a sparkling altar of Nemelex Xobeh.
   127 | D        | Found an iron altar of Okawaru.
   128 | D        | Found a stormy altar of Qazlal.
   129 | D        | Found a sacrificial altar of Ru.
   130 | D        | Found a shimmering blue altar of Sif Muna.
   131 | D        | Found a bloodstained altar of Trog.
   132 | D        | Found a hide-covered altar of Uskayaw.
   133 | D        | Found a radiant altar of Vehumet.
   134 | D        | Found an ornate altar of the Wu Jian Council.
   135 | D        | Found a shimmering altar of Xom.
   136 | D        | Found a basalt altar of Yredelemnul.
   137 | D        | Found a glowing silver altar of Zin.
   138 | D        | Found a glowing golden altar of the Shining One.
   185 | D        | Became a worshipper of Makhleb the Destroyer
   208 | D        | Got the +2 rapier "Gopimaf" {pierce, rElec}
   255 | D        | Got out of the dungeon alive.

Skill      XL: |  1  2  3  4 |
---------------+-------------+-----
Maces & Flails | 2 3 4 5 |  5.2
Armour         | 3 4 |  4.4
Dodging        | 1 2 3 |  3.1
Shields        | 3 4 |  4.3
Fighting       | 4 |  4.8

Action                   |  1- 3 |  4- 6 || total
-------------------------+-------+-------++-------
Melee: Flail             |    24 |     3 ||    27
  Use: Potion            |     2 |       ||     2
Armor: Scale mail        |    13 |     3 ||    16
Dodge: Dodged            |     5 |     1 ||     6
Block: Medium shield     |    10 |     3 ||    13
